AoeStats
← Chino_malo

Arabia

510289057Analyzed
1v1 RM · 1d ago on Sep 30, 2026· 54m 13s· 2 players
Game mode
Random Map
Map size
Tiny (2 player)
Population
200
Speed
Normal
Resources
Standard
Victory
Conquest
Starting age
Dark Age
Ending age
Imperial Age
RankedLock teamsTeams togetherTeam positionsShared explorationLock speedFull tech treeHidden civsTurbo modeCheats
Victory
Defeat
🇧🇩 Bengalis · Bangladesh
657
+13
🇨🇱 Byzantines · Chile
599
-13
Chino_malo
0:35 Loom
0:42 Loom
11:57 Feudal Age
12:31 Horse Collar
22:31 Castle Age
23:32 Crossbowman
23:44 Pikeman
25:30 Fletching
25:55 Squires
28:26 Elite Skirmisher
29:12 Thumb Ring
38:18 Imperial Age
39:11 Double-Bit Axe
39:24 Halberdier
39:52 Gambesons
42:49 Bow Saw
43:42 Bodkin Arrow
43:48 Padded Archer Armor
44:33 Heavy Camel Rider
45:36 Husbandry
48:03 Chemistry
47:23 Ballistics
48:10 Scale Barding Armor
48:40 Forging
49:20 Chain Barding Armor
50:58 Iron Casting
50:37 Murder Holes
52:09 Plate Barding Armor
BigOgre
11:29 Feudal Age
12:45 Horse Collar
12:54 Double-Bit Axe
20:32 Castle Age
19:15 Scale Barding Armor
19:02 Fletching
20:19 Town Watch
21:10 Wheelbarrow
20:20 Loom
20:56 Bloodlines
21:11 Forging
24:01 Bodkin Arrow
27:46 Ballistics
27:22 Murder Holes
27:47 Gold Mining
27:50 Stone Mining
30:40 Chain Barding Armor
32:58 Husbandry
32:19 Light Cavalry
38:29 Town Patrol
38:45 Hand Cart
40:12 Bow Saw
43:16 Imperial Age
41:09 Heavy Plow
41:49 Gold Shaft Mining
43:51 Paiks
44:46 Elite Battle Elephant
46:06 Iron Casting
45:57 Heavy Scorpion
47:40 Plate Barding Armor
47:06 Bracer
49:13 Blast Furnace
49:31 Conscription
49:35 Mahayana
50:31 Siege Engineers
51:26 Chemistry
Connection lost

Rejoining the realm…

Still unreachable

The connection could not be restored.

Session expired

The server has moved on; the page needs a fresh start.